 Dungeon Crawl Stone Soup version 0.30-a0-862-g1aabd4f9c5 (webtiles) character file.

Game seed: 9944869184691106232

4470 qeuew the Destroyer (level 10, 0/60 HPs)
             Began as a Tengu Reaver on Mar 9, 2023.
             Killed from afar by a deep elf zephyrmancer (23 damage)
             ... with a bolt of lightning
             ... in a bailey.
             The game lasted 00:08:28 (5267 turns).

qeuew the Destroyer (Tengu Reaver)                  Turns: 5267, Time: 00:08:29

Health: 0/60       AC: 19    Str: 16    XL:     10   Next: 37%
Magic:  19/19      EV: 17    Int: 19    God:
Gold:   418        SH:  0    Dex: 14    Spells: 9/19 levels left

rFire   + . .      SeeInvis +    g - +5 spear of Denna {protect, +Blink rF+}
rCold   . . .      Faith    .    (no shield)
rNeg    . . .      Spirit   .    s - +0 steam dragon scales
rPois   .          Reflect  .    (helmet restricted)
rElec   .          Rampage  .    (no cloak)
rCorr   .                        f - +1 pair of gloves
Will    .....                    (boots unavailable)
Stlth   +                        k - amulet of Asceticism {Regen+ Int+6}
HPRegen 1.10/turn                n - +4 ring of protection
MPRegen 0.16/turn                d - ring of see invisible

@: under a protective aura, flying quickly and evasively, quick
A: beak, talons 3, nimble flight
a: Evoke Blink


You were in a bailey.
You visited 2 branches of the dungeon, and saw 8 of its levels.
You also visited: Bailey.

You collected 418 gold pieces.

Inventory:

Hand Weapons
 g - the +5 spear of Denna (weapon) {protect, +Blink rF+}
   (You found it on level 3 of the Dungeon)

   rF:        It protects you from fire.
   +Blink:    It lets you blink.
Armour
 f - a +1 pair of gloves (worn)
 s - +0 steam dragon scales (worn)
Jewellery
 d - a ring of see invisible (right hand)
 j - a ring of willpower
 k - the amulet of Asceticism (around neck) {Regen+ Int+6}
   (You found it on level 3 of the Dungeon)

   [amulet of regeneration]

   Int:       It affects your intelligence (+6).
   Regen:     It increases your rate of health regeneration.
 n - a +4 ring of protection (left hand)
 v - a ring of wizardry
Wands
 r - a wand of flame (11)
 t - a wand of charming (11)
 w - a wand of mindburst (11)
Scrolls
 a - 2 scrolls of enchant armour
 e - 7 scrolls of teleportation
 h - a scroll of identify
 p - a scroll of fog
 q - a scroll of enchant weapon
Potions
 b - a potion of lignification {unknown}
 c - 3 potions of heal wounds
 i - 4 potions of curing
 m - a potion of magic
 o - a potion of ambrosia


   Skills:
 + Level 5.8 Fighting
 - Level 3.6(6.3) Axes
 * Level 8.1(8.5) Polearms
 + Level 5.8 Armour
 + Level 6.5 Dodging
 + Level 5.4 Spellcasting
 + Level 8.3 Conjurations
 + Level 2.6 Fire Magic


You had 9 spell levels left.
You knew the following spells:

 Your Spells              Type           Power      Damage    Failure   Level
a - Kiss of Death         Conj/Necr      84%        2d11      2%          1
b - Momentum Strike       Conj/Tloc      42%        3d9       3%          2
c - Hailstorm             Conj/Ice       21%        3d6       6%          3
d - Flame Wave            Conj/Fire      26%        2d8       12%         4

Your spell library contained the following spells:

 Spells                   Type           Power      Damage    Failure   Level
 Sticky Flame             Conj/Fire      26%        2d5       12%         4
 Inner Flame              Hex/Fire       10%        N/A       21%         3
 Ice Form                 Ice/Tmut       5%         N/A       75%         4
 Simulacrum               Ice/Necr       2%         N/A       100%        6


Dungeon Overview and Level Annotations

Branches:
Dungeon (7/15)             Temple (1/1) D:4          Bailey (1/1)

Altars:
Ashenzari
Cheibriados
Elyvilon
Fedhas
Gozag
Hepliaklqana
Nemelex Xobeh
Okawaru
Ru
Trog
Uskayaw
Wu Jian
Xom
Yredelemnul
The Shining One

Shops:
D:2 :   D:4 [[[[!


Innate Abilities, Weirdness & Mutations

You have a beak for a mouth.
You have claws for feet.
Your magical nature lets you fly swiftly and evasively.


Message History

The orc is severely wounded.
You reach to attack!
You hit the orc.
You kill the orc!
No target in view!
No target in view!
No target in view!
No target in view!
No target in view!
There is a large open door, spattered with blood here.
You now have 392 gold pieces (gained 23).
You now have 403 gold pieces (gained 11).
You now have 418 gold pieces (gained 15).
Key pressed, stopping explore.
There is a large open door here.
There is a large open door here.
Could not explore, unopened runed door.
Failed to move towards target.
Failed to move towards target.
Failed to move towards target.
As you open the large door, it creaks loudly!
The deep elf zephyrmancer casts a spell at you.
The bolt of lightning hits you! The bolt of lightning hits you!!
As you read the scroll of fear, it crumbles to dust.
You assume a fearsome visage.
The deep elf zephyrmancer looks frightened!
The deep elf zephyrmancer prays for help.
The deep elf zephyrmancer mumbles some strange words.
The deep elf zephyrmancer blinks!
You hit the deep elf zephyrmancer.
Your weapon exudes an aura of protection.
Your attack snaps the deep elf zephyrmancer out of its fear.
You claw the deep elf zephyrmancer. You peck the deep elf zephyrmancer.
The deep elf zephyrmancer is moderately wounded.
The deep elf zephyrmancer hits you but does no damage.
You hit the deep elf zephyrmancer.
Your kick misses the deep elf zephyrmancer.
The deep elf zephyrmancer is moderately wounded.
The deep elf zephyrmancer gestures at you while chanting.
The bolt of lightning hits you!!
You die...

#### ####
#..##########..#
#......e.......#
##...8.@..8...##
#..###''###..#
#..##.ยง..##..#
#..#......#..#
#..#..##..#..#
#..#..##..#..#
#..#!![$|?#..#
#..##!$=[##..#
#..########..#


You could see a deep elf zephyrmancer.

Vanquished Creatures
  Pikel (D:5)
  An orc knight (Bailey)
  Maggie (D:6)
  Prince Ribbit (D:7)
  Grinder (D:6)
  Menkaure (D:5)
  A steam dragon (D:6)
  2 ice beasts
  2 black bears
  7 orc warriors
  A sky beast (D:6)
  A centaur (D:7)
  An ogre (D:4)
  2 phantoms
  2 lemures (D:5)
  A bullfrog (D:5)
  4 scorpions (D:6)
  3 wights (D:7)
  2 howler monkeys (D:7)
  5 hounds
  2 jellies (D:5)
  An orc priest (D:3)
  A sleepcap (D:4)
  6 iguanas
  An orc wizard (D:6)
  11 adders
  2 shadow imps
  2 dart slugs
  29 orcs
  4 endoplasms
  2 giant cockroaches
  4 goblins
  7 hobgoblins
  4 jackals
  6 kobolds (D:1)
  2 quokkas
  7 ball pythons
  6 bats
  4 frilled lizards
  6 rats
147 creatures vanquished.

Vanquished Creatures (others)
  A goblin (D:4)
  11 fungi (D:4)
12 creatures vanquished.

Grand Total: 159 creatures vanquished

Notes
Turn   | Place    | Note
-------+----------+-------------------------------------------
     0 | D:1      | qeuew the Tengu Reaver began the quest for the Orb.
     0 | D:1      | Reached XP level 1. HP: 12/12 MP: 4/4
   169 | D:1      | Reached XP level 2. HP: 17/17 MP: 6/6
   429 | D:1      | Reached XP level 3. HP: 18/21 MP: 7/7
   441 | D:1      | Learned a level 2 spell: Momentum Strike
   839 | D:2      | Reached skill level 1 in Armour
  1016 | D:2      | Found Gerch's Book Shop.
  1193 | D:2      | Reached XP level 4. HP: 25/27 MP: 8/8
  1482 | D:3      | Identified the +5 spear of Denna {protect, +Blink rF+}
  1841 | D:3      | Found a blossoming altar of Fedhas.
  1942 | D:3      | Identified the amulet of Asceticism {Regen+ Int+6}
  1969 | D:3      | Found a bloodstained altar of Trog.
  1971 | D:3      | Reached skill level 1 in Polearms
  1974 | D:3      | Gained mutation: Your magical nature lets you fly swiftly
                  | and evasively. [Tengu growth]
  1974 | D:3      | Reached XP level 5. HP: 31/31 MP: 9/9
  2380 | D:4      | Found Rese Mui's Distillery.
  2380 | D:4      | Found an iron altar of Okawaru.
  2437 | D:4      | Found Fiukanlo's Armour Shop.
  2573 | D:4      | Reached XP level 6. HP: 36/36 MP: 11/11
  2592 | D:4      | Found Jurrieneg's Antique Armour Shop.
  2608 | D:4      | Reached skill level 5 in Conjurations
  2649 | D:4      | Found Zuifeink's Antique Armour Shop.
  2919 | D:4      | Reached XP level 7. HP: 41/41 MP: 12/12
  2983 | D:4      | Found Viacural's Antique Armour Boutique.
  3256 | D:4      | Found a staircase to the Ecumenical Temple.
  3275 | Temple   | Entered the Ecumenical Temple
  3275 | Temple   | Found a transporter.
  3275 | Temple   | Found a transporter.
  3277 | Temple   | Found a transporter.
  3277 | Temple   | Found a transporter.
  3357 | D:5      | Entered Level 5 of the Dungeon
  3587 | D:5      | Noticed Pikel
  3605 | D:5      | Killed Pikel
  3606 | D:5      | Reached XP level 8. HP: 28/48 MP: 12/14
  3762 | D:5      | Noticed Menkaure
  3769 | D:5      | Killed Menkaure
  3770 | D:5      | Reached skill level 5 in Polearms
  4152 | D:6      | Reached skill level 5 in Dodging
  4212 | D:5      | Reached XP level 9. HP: 26/52 MP: 16/16
  4226 | D:5      | Learned a level 3 spell: Hailstorm
  4262 | D:6      | Found a glowing golden altar of the Shining One.
  4385 | D:6      | Found a hazy altar of Hepliaklqana.
  4390 | D:6      | Noticed Maggie
  4410 | D:6      | Killed Maggie
  4461 | D:6      | Reached skill level 5 in Fighting
  4464 | D:6      | Noticed Grinder
  4477 | D:6      | Killed Grinder
  4503 | D:6      | Reached skill level 5 in Armour
  4514 | D:6      | Learned a level 4 spell: Flame Wave
  4798 | D:7      | Found an ornate altar of the Wu Jian Council.
  4829 | D:7      | Reached skill level 1 in Fire Magic
  4852 | D:7      | Reached skill level 5 in Spellcasting
  4886 | D:7      | Noticed Prince Ribbit
  4908 | D:7      | Killed Prince Ribbit
  4909 | D:7      | Reached XP level 10. HP: 50/59 MP: 18/18
  4913 | D:7      | Found a flagged portal.
  4920 | Bailey   | Entered a bailey
  4997 | Bailey   | Noticed an orc knight
  5031 | Bailey   | Killed an orc knight
  5192 | Bailey   | Found a large runed translucent door.
  5192 | Bailey   | Found a large runed translucent door.
  5193 | Bailey   | Noticed a deep elf zephyrmancer
  5267 | Bailey   | Killed from afar by a deep elf zephyrmancer

Illustrated notes

Levels and vault maps discovered:
D:1:      tarquinn_simple_flora_water_e, layout_loops_ring,
          ebering_dispersal_statue_hall, minmay_cut_off
D:2:      layout_basic, serial_shops, shop
D:3:      layout_basic, fedhas_altar_2, trog_three_pillars_becter,
          bh_walls_and_bars
D:4:      layout_loops_cross, mainiacjoe_overflow_catwalk,
          lemuel_temple_firewalk_b, serial_aquarium, aquarium_bridge_square
          [aquarium_subvault_wall, aquarium_subvault_bridge,
          aquarium_subvault_bridge, aquarium_subvault_wall],
          aquarium_bridge_island_small [aquarium_subvault_small_water,
          aquarium_subvault_wall, aquarium_subvault_bridge,
          aquarium_subvault_bridge, aquarium_subvault_bridge],
          aquarium_window_2, aquarium_window_corridor_2, aquarium_view_2d,
          aquarium_pool_five, serial_shops, shop, shop, nicolae_shop_waterfront,
          kennysheep_mini, nicolae_shop_crystal
D:5:      layout_loops_cross, uniq_menkaure, uniq_pikel
D:6:      layout_cave_pools, mainiacjoe_overflow_cross_hatched,
          mainiacjoe_overflow_alcove_1, uniq_grinder, uniq_maggie
D:7:      layout_rooms, marbit_many_paths, enter_bailey_2, uniq_prince_ribbit1
Temple:   hellmonk_temple_divided_pantheon
Bailey:   bailey_polearm_elven_captive_hellmonk, bailey

Skill      XL: |  1  2  3  4  5  6  7  8  9 10 |
---------------+-------------------------------+-----
Armour         | 1 2 3 4 5 |  5.8
Dodging        | 3 4 5 6 |  6.5
Polearms       | 1 2 3 4 5 7 8 |  8.1
Conjurations   | 5 6 8 |  8.3
Fighting       | 3 4 5 |  5.8
Spellcasting   | 3 4 5 |  5.4
Fire Magic     | 1 2 |  2.6
Axes           | |  3.6

Action                     |  1- 3 |  4- 6 |  7- 9 | 10-12 || total
---------------------------+-------+-------+-------+-------++-------
  Melee: Hand axe          |    88 |     5 |       |       ||    93
         Peck              |    13 |    20 |    56 |     1 ||    90
         Kick              |    14 |    22 |    79 |     1 ||   116
         Spear             |       |   127 |   319 |    67 ||   513
         Punch             |       |       |     3 |       ||     3
   Cast: Momentum Strike   |       |     1 |     2 |     1 ||     4
         Hailstorm         |       |       |       |     6 ||     6
    Use: Scroll            |     6 |     3 |     7 |     1 ||    17
         Potion            |     1 |     1 |     1 |       ||     3
   Stab: Sleeping          |     2 |     2 |     2 |       ||     6
         Invisible         |       |       |     3 |       ||     3
 Armour: Leather armour    |    32 |    51 |    44 |       ||   127
         Steam dragon scal |       |       |    28 |     8 ||    36
  Dodge: Dodged            |    65 |    77 |   177 |    54 ||   373

Table legend: (Time is in decaauts)
 A = Elapsed time spent in this place.
 B = Non-inter-level travel time spent in this place.
 C = Inter-level travel time spent in this place.
 D = Time resting spent in this place.
 E = Time spent auto-exploring this place.
 F = Levels seen in this place.
 G = Mean time per level.
                   A        B        C        D        E       F      G
               +--------+--------+--------+--------+--------+-----+--------+
         Total |   4920 |   4687 |    233 |      0 |   3657 |   9 |  546.7 |
       Dungeon |   4572 |   4352 |    220 |      0 |   3447 |   7 |  653.1 |
        Temple |     35 |     22 |     13 |      0 |      0 |   1 |   35.0 |
        Bailey |    313 |    313 |      0 |      0 |    209 |   1 |  313.0 |
               +--------+--------+--------+--------+--------+-----+--------+

Top non-repeatable levels by time:
     D:3: 867 daAuts
     D:4: 849 daAuts
     D:1: 818 daAuts
     D:5: 740 daAuts
     D:2: 648 daAuts
     D:6: 521 daAuts
  Bailey: 313 daAuts
     D:7: 125 daAuts
  Temple: 35 daAuts
